cohdb
Replays
Latest Replays
All Replays
Popular Replays
Top Player Replays
Match Explorer
How It Works
Community
CoH3 Stats
Reddit
Sign in to upload your games and track your stats! →
Sign in with Steam
Match 46000899
Unlisted
Match 46000899
Overview
Messages
Build Orders
End
Kradschützen Motorcycle Team
Panzergrenadier Squad
Panzergrenadier Squad
Panzergrenadier Squad
Construct Light Support Kompanie
Fire Support Elements
Selects Panzerjäger Kommand Battlegroup
Selects Mine Fields
Selects Defensive Positions
Flakvierling Half-track
Panzerjäger Mechanized Group
Panzergrenadier Squad
Construct Mechanized Kompanie
Selects Tank Busters
Selects Crew Shock Tactics
StuG III D Assault Gun
StuG III D Assault Gun
Panzerpioneer Squad
Vehicle Survival Package
Emergency Repair Kits
Construct Panzerarmee Kommand
Selects Anti-tank Overwatch
Armored Reserves
Selects Butterfly Bomb Drop
Tiger Heavy Tank
Butterfly Bomb Drop
StuG III D Assault Gun
StuG III D Assault Gun
StuG III D Assault Gun
Rapid Advance
Panzergrenadier Squad
250 Light Carrier
Panzer IV Assault Group
T.R. Olvadi
Nico-Nico-Nii~~
Septimum
Seocheon
0
0
Comments
sign in to comment!
No comments posted yet!